 Dungeon Crawl Stone Soup version 0.25-a0-36-g303dd5b1f4 (webtiles) character file.

Game seed: 10603678195070253628, levelgen mode: deterministic

3461 Gynju the Thaumaturge (level 9, -1/45 HPs)
             Began as a Deep Elf Fire Elementalist on Oct 20, 2019.
             Was a Follower of Vehumet.
             Slain by Harold
             ... wielding a +2 flail of protection
              (17 damage)
             ... on level 7 of the Dungeon.
             The game lasted 00:19:57 (8224 turns).

Gynju the Thaumaturge (Deep Elf Fire Elementalist)  Turns: 8224, Time: 00:19:58

Health: -1/45      AC:  6    Str:  5    XL:     9   Next: 78%
Magic:  19/33      EV:  8    Int: 24    God:    Vehumet [*.....]
Gold:   407        SH:  0    Dex: 15    Spells: 18/27 levels left

rFire    . . .     SeeInvis .   F - +3 short sword (elec)
rCold    . . .     Gourm    .   (no shield)
rNeg     . . .     Faith    .   z - +0 troll leather armour {Purgy}
rPois    .         Spirit   .   (no helmet)
rElec    .         Reflect  .   (no cloak)
rCorr    .         Harm     .   e - +1 pair of gloves
MR       .....                  (no boots)
Stlth    ++........             (no amulet)
HPRegen  0.55/turn              i - ring of magical power
MPRegen  0.23/turn              q - ring of wizardry

@: held
A: no striking features
a: Renounce Religion


You were on level 7 of the Dungeon.
You worshipped Vehumet.
Vehumet was aware of your devotion.
You were not hungry.

You visited 2 branches of the dungeon, and saw 8 of its levels.
You also visited: Sewer.

You collected 407 gold pieces.

Inventory:

Hand Weapons
 y - a +1 morningstar
 F - a +3 short sword of electrocution (weapon)
Missiles
 j - 212 stones (quivered)
 s - 33 poisoned darts
 K - a throwing net
Armour
 e - a +1 pair of gloves (worn)
 z - a +0 troll leather armour (worn) {Purgy}
Jewellery
 i - a ring of magical power (left hand)
 l - an uncursed ring of magical power
 q - a ring of wizardry (right hand)
 v - a +3 ring of slaying
 w - a +3 ring of slaying
Wands
 a - a wand of acid (12)
Scrolls
 f - 3 scrolls of teleportation
 h - a scroll of random uselessness {unknown}
 k - a scroll of fear {unknown}
 o - 2 scrolls of magic mapping {unknown}
 r - a scroll of enchant armour
 u - 4 scrolls of remove curse {@r2}
 C - a scroll of fog
 D - 5 scrolls of identify {@r1}
 I - 2 scrolls of amnesia {unknown}
 J - a scroll of enchant weapon
Potions
 b - 5 potions of lignification
 d - a potion of agility
 g - 2 potions of heal wounds
 m - 3 potions of flight {unknown}
 n - 3 potions of degeneration {unknown}
 p - 3 potions of curing {unknown}
 t - 2 potions of might
 x - 3 potions of haste
 A - a potion of cancellation {unknown}
 B - 4 potions of brilliance {unknown}
 G - a potion of mutation {unknown}
 H - a potion of ambrosia {unknown}
Comestibles
 c - 9 rations
 E - 4 chunks of flesh


   Skills:
 + Level 8.7 Dodging
 - Level 2.4 Stealth
 + Level 9.6 Spellcasting
 + Level 7.6 Conjurations
 + Level 8.4 Fire Magic
 + Level 0.4 Ice Magic


You had 18 spell levels left.
You knew the following spells:

 Your Spells              Type           Power        Failure   Level  Hunger
a - Flame Tongue          Conj/Fire      #####        1%          1    None
b - Throw Flame           Conj/Fire      ######       1%          2    None
c - Conjure Flame         Conj/Fire      ######..     1%          3    None
d - Freeze                Ice            ##..         3%          1    None
e - Passwall              Tmut/Erth      ##......     6%          2    None

Your spell library contained the following spells:

 Spells                   Type           Power        Failure   Level  Hunger
 Inner Flame              Hex/Fire       ####....     1%          3    None
 Sticky Flame             Conj/Fire      ######..     1%          4    #......
 Stone Arrow              Conj/Erth      ####..       2%          3    None
 Sandblast                Erth           ##....       4%          1    None
 Fireball                 Conj/Fire      ######....   4%          5    ####...
 Petrify                  Tmut/Erth      ##......     34%         4    #......
 Lee's Rapid Deconstruct  Erth           ##........   67%         5    ####...


Dungeon Overview and Level Annotations

Branches:
Dungeon (7/15)             Temple (1/1) D:6           Sewer (visited)

Altars:
Dithmenos
Elyvilon
Gozag
Hepliaklqana
Kikubaaqudgha
Makhleb
Okawaru
Qazlal
Sif Muna
Trog
Uskayaw
Vehumet
Wu Jian
Zin

Annotations:
D:4 1 runed translucent door, mitkoXXVII's ghost, amateur DrCj
D:7 exclusion: orc wizard, Harold


Message History

Press: ? - help, Shift-Dir - straight line, f/p - Harold
Aim: Harold, wielding a +2 flail of protection and wearing a +0 scale mail The puff of flame hits Harold but does no damage.
Harold hits you with a +2 flail of protection!
Casting: Throw Flame (safe; 1% risk of failure)
Confirm with . or Enter, or press ? or * to list all spells.
Aiming: Throw Flame (safe; 1% risk of failure)
Press: ? - help, Shift-Dir - straight line, f/p - Harold
Aim: Harold, wielding a +2 flail of protection and wearing a +0 scale mail The puff of flame misses Harold.
Harold says, "Bounty hunting has been great, but I can't wait to retire."
Harold barely misses you.
Casting: Throw Flame (safe; 1% risk of failure)
Confirm with . or Enter, or press ? or * to list all spells.
Aiming: Throw Flame (safe; 1% risk of failure)
Press: ? - help, Shift-Dir - straight line, f/p - Harold
Aim: Harold, wielding a +2 flail of protection and wearing a +0 scale mail The puff of flame hits Harold but does no damage.
Harold hits you with a +2 flail of protection!
You die...

#.#. #......# #.#.##
#.....## #.....# #.....#
#.....# #.....# #
#...... #.....#
#.#.....#########.....##
............@.........#
##....@#.............#
#.....@#.............#
##.#.#[##.#######.#####
.................#.#
###.######.#####.#.#
..........# #.#.# #
#######.## #.#.######
..#...# #.........
#.#...# #.........
#.#...# #...^.....


You could see Harold.

Vanquished Creatures
  Pikel (D:6)
  Joseph (D:7)
  Grinder (D:3)
  Sigmund (D:3)
  Menkaure (D:7)
  Edmund (D:5)
  Duvessa (D:6)
  Purgy (Sewer)
  2 phantoms
  2 slaves (D:6)
  2 ogres (D:4)
  A centaur (D:6)
  Blork the orc (D:6)
  Dowan (D:6)
  A water moccasin zombie (D:7)
  2 scorpions (D:5)
  2 howler monkeys
  2 crimson imps
  4 bullfrog skeletons
  3 jellies
  4 hounds
  2 orc priests (D:7)
  2 orc wizards
  A bullfrog zombie (D:7)
  2 iguanas
  9 worker ants
  A hound zombie (D:4)
  A hound skeleton (D:4)
  12 adders
  3 shadow imps
  3 oozes
  An adder skeleton (D:4)
  An adder zombie (D:4)
  8 worms
  4 dart slugs
  8 leopard geckos
  14 orcs
  3 bats
  7 giant cockroaches
  10 goblins
  6 hobgoblins
  9 jackals (D:2)
  10 kobolds
  4 quokkas
  5 ball pythons
  5 frilled lizards
  A giant cockroach zombie (D:4)
  A jackal skeleton (D:4)
  2 jackal zombies (D:4)
  A leopard gecko zombie (D:5)
  A quokka zombie (D:5)
  5 rats
177 creatures vanquished.

Vanquished Creatures (others)
  A slave (D:6)
  A centaur zombie (D:6)
2 creatures vanquished.

Grand Total: 179 creatures vanquished

Notes
Turn   | Place    | Note
-------+----------+-------------------------------------------
     0 | D:1      | Gynju the Deep Elf Fire Elementalist began the quest for
                  | the Orb.
     0 | D:1      | Reached XP level 1. HP: 10/10 MP: 6/6
   325 | D:1      | Reached XP level 2. HP: 15/15 MP: 6/8
   974 | D:2      | Reached XP level 3. HP: 19/19 MP: 7/10
   987 | D:2      | Learned a level 2 spell: Throw Flame
   991 | D:2      | Learned a level 3 spell: Conjure Flame
  1944 | D:2      | Reached skill level 4 in Spellcasting
  1944 | D:2      | Reached XP level 4. HP: 24/24 MP: 9/12
  2619 | D:3      | Noticed Sigmund
  3133 | D:3      | Killed Sigmund
  3133 | D:3      | Reached XP level 5. HP: 25/28 MP: 8/14
  3251 | D:3      | Reached XP level 6. HP: 32/32 MP: 15/15
  3275 | D:3      | Noticed Grinder
  3296 | D:3      | Killed Grinder
  3296 | D:3      | Reached skill level 5 in Spellcasting
  3296 | D:3      | Reached skill level 5 in Fire Magic
  3905 | D:4      | Reached skill level 5 in Dodging
  3905 | D:4      | Reached XP level 7. HP: 36/36 MP: 17/17
  4055 | D:4      | Found a runed translucent door.
  4090 | D:4      | Reached skill level 6 in Spellcasting
  4583 | D:4      | Found a glowing silver altar of Zin.
  4656 | D:4      | Reached skill level 5 in Conjurations
  4656 | D:4      | Reached XP level 8. HP: 41/41 MP: 20/20
  4703 | D:4      | Found a shadowy altar of Dithmenos.
  4832 | D:4      | Noticed mitkoXXVII's ghost (amateur DrCj)
  4841 | D:5      | Entered Level 5 of the Dungeon
  4971 | D:5      | Reached skill level 7 in Spellcasting
  5135 | D:5      | Found an opulent altar of Gozag.
  5367 | D:5      | Noticed Edmund
  5377 | D:5      | Killed Edmund
  5864 | D:6      | Found a glowing drain.
  5886 | Sewer    | Entered a sewer
  5986 | Sewer    | Noticed Purgy
  5997 | Sewer    | Killed Purgy
  6265 | D:6      | Found a stormy altar of Qazlal.
  6406 | D:6      | Noticed Pikel
  6437 | D:6      | Killed Pikel
  6437 | D:6      | Reached skill level 8 in Spellcasting
  6437 | D:6      | Reached XP level 9. HP: 45/45 MP: 7/23
  6667 | D:6      | Noticed Duvessa
  6667 | D:6      | Noticed Dowan
  6678 | D:6      | Killed Duvessa
  6686 | D:6      | Killed Dowan
  6832 | D:6      | Noticed Blork the orc
  6846 | D:6      | Killed Blork the orc
  6909 | D:6      | Found a staircase to the Ecumenical Temple.
  6922 | Temple   | Entered the Ecumenical Temple
  6929 | Temple   | Became a worshipper of Vehumet
  7267 | D:7      | Noticed Joseph
  7277 | D:7      | Killed Joseph
  7277 | D:7      | Reached skill level 9 in Spellcasting
  7363 | D:7      | Found a bloodstained altar of Trog.
  7378 | D:7      | Noticed Harold
  7417 | D:7      | Noticed Menkaure
  7882 | D:7      | Killed Menkaure
  8057 | D:7      | Reached * piety under Vehumet
  8057 | D:7      | Offered knowledge of Freeze by Vehumet.
  8060 | D:7      | Learned a level 1 spell: Freeze
  8152 | D:7      | Learned a level 2 spell: Passwall
  8168 | D:7      | Found an ancient bone altar of Kikubaaqudgha.
  8224 | D:7      | Slain by Harold

Levels and vault maps discovered:
D:1:      ebering_trefoil_3fold, layout_basic, minivault_4
D:2:      cheibrodos_helix_gallery, layout_basic, first_ration
D:3:      layout_loops_ring, minmay_misc_feat_columns, uniq_grinder,
          uniq_sigmund
D:4:      layout_rooms, zin_treasury, grunt_dithmenos_smoke_and_mirrors,
          ebering_ghost_reflecting_pool, serial_undead, serial_undead_e,
          serial_undead_a, serial_undead_c, serial_undead_c
D:5:      layout_loops_cross, grunt_gozag_statues, uniq_edmund
D:6:      layout_gridville, minmay_temple_entry_fiery, portal_sewer_entry_d,
          nicolae_qazlal_general_emergency, uniq_pikel, uniq_blork_the_orc,
          uniq_duvessa
D:7:      layout_basic, bloody_trog, gammafunk_temple_overflow_pools,
          uniq_joseph, uniq_harold, uniq_menkaure
Temple:   nicolae_temple_x_marks_the_god

Skill      XL: |  1  2  3  4  5  6  7  8  9 |
---------------+----------------------------+-----
Dodging        | 3 4 5 6 7 8 |  8.7
Conjurations   | 2 3 4 5 6 7 |  7.6
Spellcasting   | 4 5 6 8 9 |  9.6
Fire Magic     | 4 5 6 7 8 |  8.4
Stealth        | |  2.4
Ice Magic      | |  0.4

Action                   |  1- 3 |  4- 6 |  7- 9 || total
-------------------------+-------+-------+-------++-------
Melee: Unarmed           |     2 |       |       ||     2
       Mace              |     2 |     6 |       ||     8
       Short sword       |       |       |    22 ||    22
Throw: Stone             |     2 |     1 |    16 ||    19
 Cast: Flame Tongue      |    80 |    89 |   308 ||   477
       Conjure Flame     |       |     2 |    17 ||    19
       Throw Flame       |       |       |    22 ||    22
Evoke: Wand              |       |       |     1 ||     1
  Use: Scroll            |       |       |    12 ||    12
  Eat: Chunk             |     3 |     6 |    13 ||    22
Armor: Robe              |    15 |     6 |     6 ||    27
       Troll leather arm |       |       |    17 ||    17
Dodge: Dodged            |    42 |    32 |    98 ||   172

Table legend:
 A = Non-vault XP
 B = Vault XP
 C = Vault XP percentage of total XP
 D = Non-vault monster count
 E = Vault monster count
 F = Vault count percentage of total count
                 A         B        C        D         E       F
            +---------+---------+-------+---------+---------+-------
      Total |    2412 |    2533 |  51.2 |     149 |      26 |  14.9
            +---------+---------+-------+---------+---------+-------
        D:1 |      21 |       0 |   0.0 |      11 |       0 |   0.0
        D:2 |      86 |       4 |   4.4 |      37 |       2 |   5.1
        D:3 |     102 |     500 |  83.1 |      29 |       2 |   6.5
        D:4 |     638 |      78 |  10.9 |      19 |       7 |  26.9
        D:5 |     455 |     154 |  25.3 |      19 |       1 |   5.0
        D:6 |     434 |    1020 |  70.2 |      15 |       5 |  25.0
        D:7 |     676 |     622 |  47.9 |      19 |       2 |   9.5
      Sewer |       0 |     155 | 100.0 |       0 |       7 | 100.0
            +---------+---------+-------+---------+---------+-------
